 Dungeon Crawl Stone Soup version 0.23.2-30-g0e89c35649 (webtiles) character file.

Game seed: 3753010068728623467

150 redwoodhats the Grasshopper (level 5, -4/43 HPs)
             Began as a Gnoll Warper on June 9, 2019.
             Was a Follower of Vehumet.
             Slain by an ogre
             ... wielding a +0 giant club
              (20 damage)
             ... on level 4 of the Dungeon.
             The game lasted 00:15:43 (2422 turns).

redwoodhats the Grasshopper (Gnoll Warper)          Turns: 2422, Time: 00:15:43

Health: -4/43      AC:  4    Str: 14    XL:     5   Next: 32%
Magic:  9/12       EV: 14    Int: 16    God:    Vehumet [*.....]
Gold:   190        SH:  0    Dex: 14    Spells: 3/14 levels left

rFire    . . .     SeeInvis .   a - +0 spear
rCold    . . .     Gourm    .   (no shield)
rNeg     . . .     Faith    .   b - +0 leather armour
rPois    .         Spirit   .   (no helmet)
rElec    .         Reflect  .   (no cloak)
rCorr    .         Harm     +   g - +0 pair of gloves
MR       .....                  (no boots)
Stlth    ++........             c - amulet of harm
HPRegen  0.14/turn              i - ring of wizardry
MPRegen  0.13/turn              (no ring)

@: no status effects
A: distributed training, fangs 1, strong nose
a: Renounce Religion


You were on level 4 of the Dungeon.
You worshipped Vehumet.
Vehumet was aware of your devotion.
You were not hungry.

You visited 1 branch of the dungeon, and saw 4 of its levels.

You collected 190 gold pieces.

Inventory:

Hand Weapons
 a - a +0 spear (weapon)
Missiles
 e - 4 tomahawks of dispersal (quivered)
Armour
 b - a +0 leather armour (worn)
 g - a +0 pair of gloves (worn)
Jewellery
 c - an amulet of harm (around neck)
 i - a ring of wizardry (left hand)
Wands
 o - a wand of disintegration (8)
Scrolls
 d - a scroll of blinking
 l - 3 scrolls of identify
 n - 3 scrolls of remove curse
 p - 3 scrolls of magic mapping
Potions
 h - a potion of brilliance
 j - a potion of haste
 k - a potion of curing
Comestibles
 f - 6 rations


   Skills:
 + Level 4.7 Fighting
 + Level 1.4 Short Blades
 + Level 1.4 Long Blades
 + Level 1.4 Axes
 + Level 1.4 Maces & Flails
 + Level 4.7 Polearms
 + Level 1.4 Staves
 + Level 1.4 Slings
 + Level 1.4 Bows
 + Level 1.4 Crossbows
 + Level 2.9 Throwing
 + Level 2.9 Armour
 + Level 4.7 Dodging
 + Level 1.4 Stealth
 + Level 1.4 Shields
 + Level 1.4 Unarmed Combat
 + Level 5.2 Spellcasting
 + Level 1.1 Conjurations
 + Level 1.1 Hexes
 + Level 1.1 Charms
 + Level 1.1 Summonings
 + Level 1.1 Necromancy
 + Level 5.5 Translocations
 + Level 1.1 Transmutations
 + Level 1.1 Fire Magic
 + Level 1.1 Ice Magic
 + Level 1.1 Air Magic
 + Level 1.1 Earth Magic
 + Level 1.1 Poison Magic
 + Level 1.6 Invocations
 + Level 1.4 Evocations


You had 3 spell levels left.
You knew the following spells:

 Your Spells              Type           Power        Failure   Level  Hunger
a - Shroud of Golubria    Chrm/Tloc      ##........   2%          2    #......
b - Blink                 Tloc           N/A          1%          2    #......
c - Gell's Gravitas       Tloc           ###.......   2%          3    ###....
d - Lesser Beckoning      Tloc           ###.......   2%          3    ###....
e - Freeze                Ice            #...         4%          1    None

Your spell library contained the following spells:

 Spells                   Type           Power        Failure   Level  Hunger
 Teleport Other           Tloc           ###.....     2%          3    ###....
 Passage of Golubria      Tloc           N/A          8%          4    ####...


Dungeon Overview and Level Annotations

Branches:
Dungeon (4/15)
 Temple: D:4-7

Altars:
Makhleb
Ru
Vehumet


Innate Abilities, Weirdness & Mutations

Your experience applies equally to all skills.
You have very sharp teeth.
Your uncanny sense of smell can sniff out nearby items.


Message History

Confirm with . or Enter, or press ? or * to list all spells.
Aiming: Freeze (safe; 4% risk of failure)
Press: ? - help, Shift-Dir - straight line, f/p - ogre
Aim: an ogre, wielding a +0 giant club (heavily wounded)
You freeze the ogre.
The ogre is severely wounded.
The ogre barely misses you.
Casting: Freeze (safe; 4% risk of failure)
Confirm with . or Enter, or press ? or * to list all spells.
Aiming: Freeze (safe; 4% risk of failure)
Press: ? - help, Shift-Dir - straight line, f/p - ogre
Aim: an ogre, wielding a +0 giant club (severely wounded)
You freeze the ogre.
The ogre is almost dead.
The ogre hits you with a +0 giant club!!
Ouch! That really hurt!
* * * LOW HITPOINT WARNING * * *
A giant cockroach comes into view.
You feel better. The ogre hits you with a +0 giant club!
You die...

## .. O.. ∆ ..#
###..# ##@.s.# ..
##..O#.##. #.
#####.#.#..... #.
#...........#.
#.#.###.###.#.#.#.#
#.#............##.#
#.#...#.####..###.#.#
#.......## #........#
#........# ##...#....


You could see an ogre and a giant cockroach.

Vanquished Creatures
  An orc wizard (D:2)
  5 adders
  2 worms (D:3)
  2 dart slugs
  2 leopard geckos
  An orc (D:3)
  4 bats
  16 giant cockroaches
  4 hobgoblins
  4 jackals (D:2)
  A ball python (D:2)
  8 goblins
  4 kobolds
  8 rats
62 creatures vanquished.

Notes
Turn   | Place    | Note
-------+----------+-------------------------------------------
     0 | D:1      | redwoodhats the Gnoll Warper began the quest for the Orb.
     0 | D:1      | Reached XP level 1. HP: 20/20 MP: 6/6
   105 | D:1      | Reached XP level 2. HP: 18/26 MP: 7/7
   437 | D:1      | Learned a level 2 spell: Shroud of Golubria
   440 | D:1      | Learned a level 2 spell: Blink
   441 | D:2      | Found a radiant altar of Vehumet.
   443 | D:2      | Became a worshipper of Vehumet
   498 | D:2      | Reached skill level 5 in Spellcasting
   498 | D:2      | Reached XP level 3. HP: 27/31 MP: 7/9
   551 | D:2      | Reached skill level 1 in Invocations
   657 | D:2      | Learned a level 3 spell: Gell's Gravitas
   661 | D:2      | Learned a level 3 spell: Lesser Beckoning
   708 | D:2      | Found a sacrificial altar of Ru.
   752 | D:2      | Reached skill level 1 in Short Blades
   752 | D:2      | Reached skill level 1 in Long Blades
   752 | D:2      | Reached skill level 1 in Axes
   752 | D:2      | Reached skill level 1 in Maces & Flails
   752 | D:2      | Reached skill level 1 in Staves
   752 | D:2      | Reached skill level 1 in Slings
   752 | D:2      | Reached skill level 1 in Bows
   752 | D:2      | Reached skill level 1 in Crossbows
   752 | D:2      | Reached skill level 1 in Stealth
   752 | D:2      | Reached skill level 1 in Shields
   752 | D:2      | Reached skill level 1 in Unarmed Combat
   752 | D:2      | Reached skill level 1 in Evocations
   772 | D:2      | Reached XP level 4. HP: 20/38 MP: 4/11
  1205 | D:2      | Reached skill level 1 in Conjurations
  1205 | D:2      | Reached skill level 1 in Hexes
  1205 | D:2      | Reached skill level 1 in Charms
  1205 | D:2      | Reached skill level 1 in Summonings
  1205 | D:2      | Reached skill level 1 in Necromancy
  1205 | D:2      | Reached skill level 1 in Transmutations
  1205 | D:2      | Reached skill level 1 in Fire Magic
  1205 | D:2      | Reached skill level 1 in Ice Magic
  1205 | D:2      | Reached skill level 1 in Air Magic
  1205 | D:2      | Reached skill level 1 in Earth Magic
  1205 | D:2      | Reached skill level 1 in Poison Magic
  1356 | D:2      | Reached * piety under Vehumet
  1356 | D:2      | Offered knowledge of Freeze by Vehumet.
  1359 | D:2      | Learned a level 1 spell: Freeze
  1583 | D:3      | Reached XP level 5. HP: 43/43 MP: 10/12
  2028 | D:3      | Found a burning altar of Makhleb.
  2413 | D:4      | Noticed an ogre
  2422 | D:4      | Slain by an ogre

Skill      XL: |  1  2  3  4 |
---------------+-------------+-----
Spellcasting   | 5 |  5.2
Invocations    | 1 |  1.6
Short Blades   | 1 |  1.4
Long Blades    | 1 |  1.4
Axes           | 1 |  1.4
Maces & Flails | 1 |  1.4
Staves         | 1 |  1.4
Slings         | 1 |  1.4
Bows           | 1 |  1.4
Crossbows      | 1 |  1.4
Stealth        | 1 |  1.4
Shields        | 1 |  1.4
Unarmed Combat | 1 |  1.4
Evocations     | 1 |  1.4
Conjurations   | 1 |  1.1
Hexes          | 1 |  1.1
Charms         | 1 |  1.1
Summonings     | 1 |  1.1
Necromancy     | 1 |  1.1
Transmutations | 1 |  1.1
Fire Magic     | 1 |  1.1
Ice Magic      | 1 |  1.1
Air Magic      | 1 |  1.1
Earth Magic    | 1 |  1.1
Poison Magic   | 1 |  1.1
Fighting       | |  4.7
Polearms       | |  4.7
Throwing       | |  2.9
Armour         | |  2.9
Dodging        | |  4.7
Translocations | |  5.5

Action                   |  1- 3 |  4- 6 || total
-------------------------+-------+-------++-------
Melee: Spear             |   117 |   164 ||   281
       Bite              |    13 |    17 ||    30
       Punch             |     1 |       ||     1
Throw: Tomahawk          |     1 |       ||     1
 Cast: Shroud of Golubri |     3 |     3 ||     6
       Blink             |     2 |     4 ||     6
       Lesser Beckoning  |     1 |     2 ||     3
       Freeze            |       |    12 ||    12
  Use: Potion            |     1 |     6 ||     7
       Scroll            |     1 |     3 ||     4
 Stab: Paralysed         |     4 |       ||     4
       Sleeping          |     1 |       ||     1
  Eat: Ration            |       |     2 ||     2
Armor: Leather armour    |    14 |    29 ||    43
Dodge: Dodged            |    53 |   100 ||   153
